AoeStats
← Alp_Arslan

Arena

510858630Analyzed
4v4 RM · 6h ago on Oct 2, 2026· 94m 47s· 8 players
Game mode
Random Map
Map size
Large (8 player)
Population
200
Speed
Normal
Resources
Standard
Victory
Conquest
Starting age
Dark Age
Ending age
Imperial Age
RankedLock teamsTeams togetherTeam positionsShared explorationLock speedFull tech treeHidden civsTurbo modeCheats
Victory
Defeat
🇹🇷 Mongols · Türkiye
1080
+11
🇹🇷 Romans · Türkiye
1064
+12
🇹🇷 Bohemians · Türkiye
1047
+12
🇹🇷 Teutons · Türkiye
936
+43
🇨🇭 Bohemians · Switzerland
1022
-15
🇳🇱 Saxons · Netherlands
969
-13
🇵🇪 Turks · Peru
961
-13
🇦🇷 Bulgarians · Argentina
921
-11
HardstyleHunter
11:19 Feudal Age
15:26 Castle Age
14:44 Horse Collar
16:24 Loom
17:15 Wheelbarrow
17:11 Fletching
18:27 Guard Tower
19:19 Treadmill Crane
21:58 Murder Holes
22:25 Ballistics
22:02 Bodkin Arrow
27:09 Hand Cart
34:28 Imperial Age
35:47 Keep
34:57 Arrowslits
36:13 Chemistry
35:29 Masonry
36:27 Bracer
37:34 Conscription
39:19 Town Watch
43:50 Town Patrol
45:19 Forging
45:09 Scale Mail Armor
47:50 Chain Mail Armor
48:11 Iron Casting
50:18 Plate Mail Armor
49:47 Double-Bit Axe
49:39 Shield Wall
58:22 Architecture
58:30 Pikeman
59:10 Squires
58:32 Elite Varangian Guard
59:20 Squires
59:18 Arson
77:52 Heavy Plow
78:36 Pikeman
79:02 Gambesons
81:00 Bow Saw
¬"M°rph!ne !? .CH
8:52 Loom
12:17 Feudal Age
13:29 Double-Bit Axe
13:31 Horse Collar
16:22 Castle Age
17:51 Bow Saw
17:46 Heavy Plow
24:05 Elite Skirmisher
32:27 Imperial Age
30:22 Ballistics
31:03 Chemistry
32:37 Wheelbarrow
31:50 Town Watch
33:34 Murder Holes
33:28 Arrowslits
33:35 Fletching
35:38 Wagenburg Tactics
35:52 Houfnice
48:26 Bodkin Arrow
48:33 Padded Archer Armor
60:34 Forging
60:24 Scale Mail Armor
63:03 Bombard Tower
71:17 Pikeman
87:56 Squires
87:42 Arson
88:15 Chain Mail Armor
88:35 Iron Casting
88:58 Hand Cart
Aldous Barbarossa
8:39 Loom
10:27 Feudal Age
14:57 Castle Age
13:23 Double-Bit Axe
14:08 Scale Mail Armor
14:34 Arson
14:48 Horse Collar
15:52 Gambesons
19:52 Squires
20:47 Chain Mail Armor
25:21 Forging
28:17 Bow Saw
29:47 Heavy Plow
30:28 Wheelbarrow
29:39 Town Watch
31:35 Hand Cart
31:53 Gold Mining
32:55 Scale Barding Armor
34:07 Gold Shaft Mining
37:05 Imperial Age
35:19 Husbandry
35:31 Bloodlines
34:43 Light Cavalry
35:45 Chain Barding Armor
35:17 Fletching
36:06 Iron Casting
38:22 Plate Mail Armor
38:29 Plate Barding Armor
40:06 Crop Rotation
39:08 Cavalier
40:20 Bodkin Arrow
41:27 Blast Furnace
42:41 Bracer
43:22 Pikeman
45:23 Halberdier
56:24 Hussar
73:29 Elite Skirmisher
75:21 Heavy Scorpion
84:46 Thumb Ring
Chopipo
11:54 Feudal Age
11:30 Loom
12:27 Gold Mining
12:28 Double-Bit Axe
12:46 Horse Collar
19:36 Castle Age
17:59 Stone Mining
23:55 Ballistics
23:30 Fletching
28:04 Bodkin Arrow
44:08 Gold Shaft Mining
47:37 Heavy Plow
53:43 Imperial Age
55:12 Wheelbarrow
54:53 Bow Saw
55:08 Conscription
56:40 Hand Cart
56:11 Town Watch
62:25 Husbandry
63:43 Bloodlines
65:36 Scale Barding Armor
65:42 Forging
73:30 Chain Barding Armor
75:35 Plate Barding Armor
79:15 Iron Casting
81:20 Two-Man Saw
Bozo_06
11:27 Feudal Age
10:52 Loom
15:42 Castle Age
15:03 Double-Bit Axe
15:57 Horse Collar
18:56 Wheelbarrow
26:59 Town Watch
31:41 Imperial Age
30:38 Scale Barding Armor
31:15 Pikeman
32:22 Scale Mail Armor
34:02 Chemistry
33:22 Ballistics
33:06 Murder Holes
34:46 Hand Cart
35:29 Wagenburg Tactics
37:54 Chain Barding Armor
40:52 Arrowslits
Janissary
10:39 Feudal Age
14:37 Castle Age
13:00 Horse Collar
13:07 Double-Bit Axe
Alp_Arslan
9:37 Feudal Age
11:57 Double-Bit Axe
11:55 Horse Collar
14:29 Castle Age
15:38 Bow Saw
16:29 Fletching
24:21 Wheelbarrow
25:17 Loom
25:18 Town Watch
26:08 Bodkin Arrow
32:10 Bloodlines
32:03 Husbandry
32:09 Padded Archer Armor
32:18 Heavy Plow
36:08 Imperial Age
34:19 Leather Archer Armor
34:18 Forging
35:41 Scale Barding Armor
34:59 Light Cavalry
36:48 Iron Casting
37:52 Chemistry
37:13 Ballistics
37:18 Conscription
36:49 Hussar
38:38 Gold Mining
38:39 Stone Mining
40:00 Hand Cart
39:51 Capped Ram
41:11 Bracer
41:38 Thumb Ring
42:00 Parthian Tactics
42:49 Elite Mangudai
47:03 Drill
47:15 Siege Ram
49:45 Blast Furnace
49:06 Chain Barding Armor
55:39 Murder Holes
89:00 Hoardings
88:26 Nomads
87:57 Sappers
88:31 Squires
88:17 Arson
91:45 Onager
Gazel
11:43 Feudal Age
13:28 Loom
16:15 Castle Age
14:50 Double-Bit Axe
14:50 Horse Collar
21:03 Wheelbarrow
20:59 Bow Saw
22:45 Hand Cart
25:14 Scale Mail Armor
25:25 Forging
25:34 Heavy Plow
26:54 Gold Mining
27:58 Chain Mail Armor
28:19 Iron Casting
32:14 Imperial Age
30:40 Bloodlines
30:39 Scale Barding Armor
30:26 Fletching
30:37 Padded Archer Armor
30:06 Pikeman
30:31 Gambesons
31:26 Ballistics
31:39 Elite Skirmisher
33:26 Conscription
32:35 Cavalier
33:46 Chain Barding Armor
34:27 Blast Furnace
33:58 Plate Mail Armor
34:21 Leather Archer Armor
34:01 Bodkin Arrow
35:38 Chemistry
38:43 Two-Man Saw
42:24 Crenellations
45:11 Halberdier
47:23 Ring Archer Armor
47:29 Plate Barding Armor
46:37 Paladin
67:55 Crop Rotation
75:01 Caravan
77:21 Arson
77:36 Squires
82:41 Siege Engineers
Connection lost

Rejoining the realm…

Still unreachable

The connection could not be restored.

Session expired

The server has moved on; the page needs a fresh start.